Pick #1

Connor Bedard
Pick #2

Leo Carlsson
Pick #3

Adam Fantilli
Pick #4

Matvei Michkov
Pick #5

David Reinbacher
Pick #6

William Smith
Pick #7

Zachary Benson
Pick #8

Ryan Leonard
Pick #9

Gabriel Perreault
Pick #10

Axel Sandin-Pellika
Pick #11

Daniil But
Pick #12

Dalibor Dvorsky
Pick #13

Quentin Musty
Pick #14

Brayden Yager
Pick #15

Dmitry Simashev
Pick #16

Colby Barlow
Pick #17

Andrew Cristall
Pick #18

Easton Cowan
Pick #19

Jacob Fowler
Pick #20

Oliver Moore
Pick #21

Oliver Bonk
Pick #22

Tom Willander
Pick #23

Calum Ritchie
Pick #24

Tanner Molendyk
Pick #25

Gavin Brindley
Pick #26

Nate Danielson
Pick #27

Pick #28

Pick #29

Pick #30

Pick #31

Pick #32

Pick #33

Pick #34

Pick #35

Pick #36

Pick #37

Pick #38

Pick #39

Pick #40

Pick #41

Pick #42

Pick #43

Pick #44

Pick #45

Pick #46

Pick #47

Pick #48

Pick #49

Pick #50

Pick #51

Pick #52

Pick #53

Pick #54

Pick #55

Pick #56

Pick #57

Pick #58

Pick #59

Pick #60

Pick #61

Pick #62

Pick #63

Pick #64

Pick #65

Pick #66

Pick #67

Pick #68

Pick #69

Pick #70

Pick #71

Pick #72

Pick #73

Pick #74

Pick #75

Pick #76

Pick #77

Pick #78

Pick #79

Pick #80

Pick #81

Pick #82

Pick #83

Pick #84

Pick #85

Pick #86

Pick #87

Pick #88

Pick #89

Pick #90

Pick #91

Pick #92

Pick #93

Pick #94

Pick #95

Pick #96

Pick #97

Pick #98

Pick #99

Pick #100

Pick #101

Pick #102

Pick #103

Pick #104

Pick #105

Pick #106

Pick #107

Pick #108

Pick #109

Pick #110

Pick #111

Pick #112

Pick #113

Pick #114

Pick #115

Pick #116

Pick #117

Pick #118

Pick #119

Pick #120

Pick #121

Pick #122

Pick #123

Pick #124

Pick #125

Pick #126

Pick #127

Pick #128

Pick #129

Pick #130

Full Scoreboard »»

Stars vs Rangers

Created - November 20, 2023 at 20:28

Goals
1 2 3 T
Stars 0 0 1 1
Rangers 2 2 1 5
Shots
1 2 3 T
Stars 5 3 14 22
Rangers 10 9 8 27

GoalsPenalties
1st period
1. Rangers , Caleb Jones 2 (Nick Perbix 2, Nick Bonino 6) at 7:21
2. Rangers , Adam Erne 2 (Nick Bonino 7, Mario Ferraro 11) at 18:09
Ryan Lomberg (NYR) for Tripping (Minor) at 3:49
2nd period
3. Rangers , Caleb Jones 3 (Juuso Parssinen 5) at 15:16 (PP)
4. Rangers , Anthony Beauvillier 4 (Martin Fehervary 6, Jesse Puljujarvi 16) at 18:45
Evan Bouchard (DAL) for Hooking (Minor) at 13:57
3rd period
5. Rangers , Jesse Puljujarvi 5 (Anthony Beauvillier 7, Luke Schenn 6) at 0:44
6. Stars , Tanner Pearson 1 (Seth Jarvis 2, Sean Durzi 7) at 16:13
Eric Robinson (NYR) for Slashing (Minor) at 12:51
Goalie Stats
Pheonix Copley (DAL), 7 saves from 8 shots - (0.875), 21:15 minutes
Thatcher Demko (DAL), 15 saves from 19 shots - (0.789), L, 3-7-2, 38:45 minutes
Logan Thompson (NYR), 21 saves from 22 shots - (0.955), W, 3-4-1, 60:00 minutes
3 StarsOfficial
1 - Caleb Jones (NYR)
2 - Anthony Beauvillier (NYR)
3 - Jesse Puljujarvi (NYR)
Referees : Brian Pochmara and Dan Kelly
Linesman : James Tobias and Andrew Smith
Game Note
Pheonix Copley enters game at 18:45 of 2nd period
Finance
Level 1 -- Attendance: 5727 (88.11%) -- Ticket Income $658,605
Level 2 -- Attendance: 3628 (72.56%) -- Ticket Income $344,660
Level 3 -- Attendance: 2801 (80.03%) -- Ticket Income $196,070
Level 4 -- Attendance: 2006 (100.00%) -- Ticket Income $100,300
Luxury Box -- Attendance: 887 (88.70%) -- Ticket Income $177,400
Game was played at the Madison Square Garden.
Total Attendance: 15049 (83.58%)
Total Ticket Income: $1,477,035
Other Income: $369,259
Total Income: $1,846,294



Team Name Goals Shots Shots Attemp Shots Blocked PIM HIT PP PK FO%
Stars 12248112140 / 2 (0%)149%
Rangers 5276134201 / 1 (100%)051%

Stars
Player Name POS G A P +/- PIM HIT SHT SB MP PP MP PP SHT PK MP PK SHT FO% FOT
Anton LundellC000-1002011:510:1801:03055% 11
Carter VerhaegheC000-3001020:011:5600:04067% 3
Elias LindholmC000-3008120:312:1810:12054% 24
Evan BouchardD000-4211123:181:4300:0000% 0
Gustav ForslingD000-4001123:071:2301:0300% 0
Henri JokiharjuD0001020019:501:4100:0000% 0
Marcus PetterssonD0000020116:200:5200:3000% 0
Nazem KadriC0000012019:491:2200:0000% 0
Nick JensenD0000000316:090:0000:1600% 0
Phil KesselRW000100008:030:1800:00050% 2
Rickard RakellRW000-1001010:300:0000:0000% 0
Sean DurziD0111010121:152:1700:4900% 0
Seth JarvisC011101107:450:0000:00033% 6
Sidney CrosbyC0000002120:111:4400:00050% 26
Tanner PearsonLW101100118:330:1800:3000% 1
Timo MeierRW000-3041119:571:5600:00033% 3
Viktor ArvidssonRW000-1000010:300:0000:0000% 1
Vincent TrocheckC0000021021:001:4400:4900% 0
Rangers
Player Name POS G A P +/- PIM HIT SHT SB MP PP MP PP SHT PK MP PK SHT FO% FOT
Adam ErneLW1012012011:170:0000:380100% 1
Anthony BeauvillierLW1122012020:090:5300:0000% 2
Caleb JonesD2021012018:380:2612:1700% 0
Casey MittelstadtC0002002120:090:5300:00060% 20
Eric RobinsonLW000-1220017:140:0001:0800% 0
Jack QuinnRW0002013011:050:2610:000100% 1
Jesse PuljujarviRW1122005020:090:5300:0000% 0
Juuso ParssinenC011-1011016:410:2600:08050% 24
Logan BrownC000000109:540:0001:1300% 0
Luke KuninC0000040010:450:0002:04046% 13
Luke SchennD0112040021:210:2600:0000% 0
Mario FerraroD0110000020:270:5301:4100% 0
Martin FehervaryD0112002123:290:5301:4100% 0
Nick BoninoC0222003013:240:0002:45043% 14
Nick PerbixD0111020015:550:0000:0000% 0
Riley StillmanD0000010020:100:0002:1700% 0
Ryan LombergLW000021218:400:0000:0000% 1
Yegor ChinakhovRW000-1012016:330:2600:000100% 1



Play-by-Play

1st period


0:01 of 1st period - Casey Mittelstadt wins face-off versus Sidney Crosby in neutral zone.
0:12 of 1st period - Shot by Jesse Puljujarvi.
0:12 of 1st period - Deflect By Casey Mittelstadt.
0:12 of 1st period - Stopped by Thatcher Demko without a rebound.
0:13 of 1st period - Juuso Parssinen wins face-off versus Elias Lindholm in Stars zone.
1:39 of 1st period - Icing by Riley Stillman.
1:40 of 1st period - Sidney Crosby wins face-off versus Juuso Parssinen in Rangers zone.
2:25 of 1st period - Shot by Casey Mittelstadt.
2:25 of 1st period - Shot Misses the Net.
2:27 of 1st period - Shot by Martin Fehervary.
2:27 of 1st period - Stopped by Thatcher Demko without a rebound.
2:28 of 1st period - Seth Jarvis wins face-off versus Nick Bonino in Stars zone.
3:01 of 1st period - Shot by Seth Jarvis.
3:01 of 1st period - Stopped by Logan Thompson without a rebound.
3:02 of 1st period - Casey Mittelstadt wins face-off versus Viktor Arvidsson in Rangers zone.
3:04 of 1st period - Icing by Martin Fehervary.
3:05 of 1st period - Casey Mittelstadt wins face-off versus Anton Lundell in Rangers zone.
3:28 of 1st period - Icing by Sean Durzi.
3:29 of 1st period - Anton Lundell wins face-off versus Luke Kunin in Stars zone.
3:49 of 1st period - Minor Penalty to Ryan Lomberg for Tripping.
3:50 of 1st period - Nick Bonino wins face-off versus Sidney Crosby in Rangers zone.
5:50 of 1st period - Shot by Nick Jensen.
5:50 of 1st period - Shot Misses the Net.
5:57 of 1st period - Icing by Anthony Beauvillier.
5:58 of 1st period - Casey Mittelstadt wins face-off versus Phil Kessel in Rangers zone.
6:19 of 1st period - Shot by Phil Kessel.
6:19 of 1st period - Shot Misses the Net.
7:11 of 1st period - Shot by Jack Quinn.
7:11 of 1st period - Stopped by Thatcher Demko with a rebound.
7:19 of 1st period - Shot by Caleb Jones.
7:19 of 1st period - Shot Misses the Net.
7:21 of 1st period - Shot by Caleb Jones.
7:21 of 1st period - Goal by Caleb Jones - Stars : 0 - Rangers : 1.
7:22 of 1st period - Sidney Crosby wins face-off versus Luke Kunin in neutral zone.
7:27 of 1st period - Sean Durzi is hit by Luke Kunin and loses puck.
7:52 of 1st period - Shot by Luke Kunin.
7:52 of 1st period - Deflect By Ryan Lomberg.
7:52 of 1st period - Stopped by Thatcher Demko without a rebound.
7:53 of 1st period - Elias Lindholm wins face-off versus Nick Bonino in Stars zone.
8:13 of 1st period - Shot by Nick Bonino.
8:13 of 1st period - Stopped by Thatcher Demko without a rebound.
8:14 of 1st period - Juuso Parssinen wins face-off versus Sidney Crosby in Stars zone.
8:14 of 1st period - Juuso Parssinen is hit by Evan Bouchard.
8:37 of 1st period - Sidney Crosby is hit by Eric Robinson and loses puck.
8:41 of 1st period - Evan Bouchard is hit by Juuso Parssinen and loses puck.
8:48 of 1st period - Shot by Nazem Kadri.
8:48 of 1st period - Deflect By Sidney Crosby.
8:48 of 1st period - Shot Misses the Net.
8:52 of 1st period - Shot by Nazem Kadri.
8:52 of 1st period - Deflect By Sidney Crosby.
8:52 of 1st period - Shot Misses the Net.
9:12 of 1st period - Shot by Carter Verhaeghe.
9:12 of 1st period - Shot Misses the Net.
10:25 of 1st period - Shot by Rickard Rakell.
10:25 of 1st period - Shot Misses the Net.
10:29 of 1st period - Shot by Anton Lundell.
10:29 of 1st period - Deflect By Rickard Rakell.
10:29 of 1st period - Shot Misses the Net.
12:15 of 1st period - Shot by Ryan Lomberg.
12:15 of 1st period - Shot Misses the Net.
12:17 of 1st period - Shot by Logan Brown.
12:17 of 1st period - Shot Misses the Net.
12:19 of 1st period - Shot by Ryan Lomberg.
12:19 of 1st period - Shot Blocked by Timo Meier.
12:38 of 1st period - Icing by Timo Meier.
12:39 of 1st period - Casey Mittelstadt wins face-off versus Elias Lindholm in Stars zone.
12:48 of 1st period - Shot by Jesse Puljujarvi.
12:48 of 1st period - Shot Misses the Net.
12:50 of 1st period - Shot by Anthony Beauvillier.
12:50 of 1st period - Shot Misses the Net.
12:52 of 1st period - Shot by Jesse Puljujarvi.
12:52 of 1st period - Stopped by Thatcher Demko without a rebound.
12:53 of 1st period - Seth Jarvis wins face-off versus Nick Bonino in Stars zone.
12:53 of 1st period - Seth Jarvis is hit by Adam Erne.
13:14 of 1st period - Adam Erne is hit by Marcus Pettersson and loses puck.
13:36 of 1st period - Off-side.
13:37 of 1st period - Casey Mittelstadt wins face-off versus Elias Lindholm in neutral zone.
13:51 of 1st period - Icing by Evan Bouchard.
13:52 of 1st period - Elias Lindholm wins face-off versus Luke Kunin in Stars zone.
13:52 of 1st period - Elias Lindholm is hit by Ryan Lomberg.
13:55 of 1st period - Carter Verhaeghe is hit by Luke Kunin.
14:07 of 1st period - Shot by Elias Lindholm.
14:07 of 1st period - Stopped by Logan Thompson without a rebound.
14:08 of 1st period - Casey Mittelstadt wins face-off versus Sidney Crosby in Rangers zone.
14:08 of 1st period - Casey Mittelstadt is hit by Vincent Trocheck.
14:22 of 1st period - Shot by Casey Mittelstadt.
14:22 of 1st period - Stopped by Thatcher Demko without a rebound.
14:23 of 1st period - Juuso Parssinen wins face-off versus Elias Lindholm in Stars zone.
14:38 of 1st period - Shot by Carter Verhaeghe.
14:38 of 1st period - Deflect By Timo Meier.
14:38 of 1st period - Shot Misses the Net.
14:42 of 1st period - Shot by Elias Lindholm.
14:42 of 1st period - Shot Misses the Net.
15:05 of 1st period - Elias Lindholm is hit by Nick Perbix and loses puck.
15:08 of 1st period - Shot by Elias Lindholm.
15:08 of 1st period - Stopped by Logan Thompson with a rebound.
15:15 of 1st period - Icing by Nick Perbix.
15:16 of 1st period - Sidney Crosby wins face-off versus Juuso Parssinen in Rangers zone.
15:35 of 1st period - Shot by Sidney Crosby.
15:35 of 1st period - Deflect By Vincent Trocheck.
15:35 of 1st period - Shot Misses the Net.
15:37 of 1st period - Shot by Vincent Trocheck.
15:37 of 1st period - Shot Misses the Net.
16:08 of 1st period - Icing by Caleb Jones.
16:09 of 1st period - Anton Lundell wins face-off versus Juuso Parssinen in Rangers zone.
16:30 of 1st period - Shot by Jesse Puljujarvi.
16:30 of 1st period - Stopped by Thatcher Demko without a rebound.
16:31 of 1st period - Elias Lindholm wins face-off versus Luke Kunin in Stars zone.
16:31 of 1st period - Elias Lindholm is hit by Luke Kunin.
16:39 of 1st period - Shot by Elias Lindholm.
16:39 of 1st period - Stopped by Logan Thompson without a rebound.
16:40 of 1st period - Casey Mittelstadt wins face-off versus Elias Lindholm in Rangers zone.
17:05 of 1st period - Icing by Luke Schenn.
17:06 of 1st period - Sidney Crosby wins face-off versus Casey Mittelstadt in Rangers zone.
18:09 of 1st period - Shot by Nick Bonino.
18:09 of 1st period - Deflect By Adam Erne.
18:09 of 1st period - Goal by Adam Erne - Stars : 0 - Rangers : 2.
18:10 of 1st period - Phil Kessel wins face-off versus Luke Kunin in neutral zone.
18:17 of 1st period - Shot by Phil Kessel.
18:17 of 1st period - Shot Blocked by Ryan Lomberg.
18:53 of 1st period - Shot by Phil Kessel.
18:53 of 1st period - Shot Hit the Post.
19:00 of 1st period - Icing by Caleb Jones.
19:01 of 1st period - Elias Lindholm wins face-off versus Luke Kunin in Rangers zone.
19:04 of 1st period - Shot by Carter Verhaeghe.
19:04 of 1st period - Shot Misses the Net.
19:06 of 1st period - Shot by Elias Lindholm.
19:06 of 1st period - Stopped by Logan Thompson without a rebound.
19:07 of 1st period - Sidney Crosby wins face-off versus Casey Mittelstadt in Rangers zone.
19:28 of 1st period - Jesse Puljujarvi is hit by Vincent Trocheck and loses puck.
19:32 of 1st period - Icing by Martin Fehervary.
19:33 of 1st period - Elias Lindholm wins face-off versus Casey Mittelstadt in Rangers zone.
19:42 of 1st period - Shot by Jesse Puljujarvi.
19:42 of 1st period - Shot Misses the Net.
19:44 of 1st period - Shot by Casey Mittelstadt.
19:44 of 1st period - Shot Misses the Net.
19:50 of 1st period - Shot by Jesse Puljujarvi.
19:50 of 1st period - Shot Misses the Net.
Goals for this period are 0 for Stars vs 2 for Rangers.
Shots for this period are 5 for Stars vs 10 for Rangers.

2nd period


0:01 of 2nd period - Adam Erne wins face-off versus Sidney Crosby in neutral zone.
0:30 of 2nd period - Icing by Nick Bonino.
0:31 of 2nd period - Elias Lindholm wins face-off versus Nick Bonino in Rangers zone.
0:31 of 2nd period - Henri Jokiharju is hit by Luke Schenn.
1:16 of 2nd period - Elias Lindholm is hit by Riley Stillman and loses puck.
2:24 of 2nd period - Icing by Yegor Chinakhov.
2:25 of 2nd period - Juuso Parssinen wins face-off versus Anton Lundell in Rangers zone.
3:10 of 2nd period - Shot by Rickard Rakell.
3:10 of 2nd period - Stopped by Logan Thompson with a rebound.
3:54 of 2nd period - Icing by Nick Jensen.
3:55 of 2nd period - Nick Bonino wins face-off versus Anton Lundell in Stars zone.
5:05 of 2nd period - Shot by Anthony Beauvillier.
5:05 of 2nd period - Shot Blocked by Nick Jensen.
6:00 of 2nd period - Shot by Juuso Parssinen.
6:00 of 2nd period - Shot Blocked by Evan Bouchard.
6:29 of 2nd period - Gustav Forsling is hit by Eric Robinson and loses puck.
6:49 of 2nd period - Icing by Martin Fehervary.
6:50 of 2nd period - Sidney Crosby wins face-off versus Juuso Parssinen in Rangers zone.
7:04 of 2nd period - Icing by Martin Fehervary.
7:05 of 2nd period - Juuso Parssinen wins face-off versus Seth Jarvis in Rangers zone.
7:28 of 2nd period - Shot by Jesse Puljujarvi.
7:28 of 2nd period - Shot Blocked by Sean Durzi.
7:30 of 2nd period - Shot by Anthony Beauvillier.
7:30 of 2nd period - Shot Misses the Net.
9:10 of 2nd period - Icing by Luke Schenn.
9:11 of 2nd period - Luke Kunin wins face-off versus Seth Jarvis in Rangers zone.
10:39 of 2nd period - Icing by Luke Schenn.
10:40 of 2nd period - Luke Kunin wins face-off versus Seth Jarvis in Rangers zone.
11:35 of 2nd period - Gustav Forsling is hit by Anthony Beauvillier and loses puck.
12:05 of 2nd period - Icing by Nick Perbix.
12:06 of 2nd period - Juuso Parssinen wins face-off versus Elias Lindholm in Rangers zone.
12:15 of 2nd period - Shot by Eric Robinson.
12:15 of 2nd period - Shot Misses the Net.
12:17 of 2nd period - Shot by Eric Robinson.
12:17 of 2nd period - Deflect By Yegor Chinakhov.
12:17 of 2nd period - Stopped by Thatcher Demko without a rebound.
12:18 of 2nd period - Nick Bonino wins face-off versus Sidney Crosby in Stars zone.
12:23 of 2nd period - Shot by Nick Bonino.
12:23 of 2nd period - Stopped by Thatcher Demko without a rebound.
12:24 of 2nd period - Juuso Parssinen wins face-off versus Elias Lindholm in Stars zone.
12:39 of 2nd period - Shot by Elias Lindholm.
12:39 of 2nd period - Stopped by Logan Thompson without a rebound.
12:40 of 2nd period - Sidney Crosby wins face-off versus Nick Bonino in Rangers zone.
13:07 of 2nd period - Shot by Nick Bonino.
13:07 of 2nd period - Shot Misses the Net.
13:09 of 2nd period - Shot by Adam Erne.
13:09 of 2nd period - Deflect By Jack Quinn.
13:09 of 2nd period - Stopped by Thatcher Demko without a rebound.
13:10 of 2nd period - Carter Verhaeghe wins face-off versus Casey Mittelstadt in Stars zone.
13:41 of 2nd period - Off-side.
13:42 of 2nd period - Juuso Parssinen wins face-off versus Sidney Crosby in neutral zone.
13:57 of 2nd period - Minor Penalty to Evan Bouchard for Hooking.
13:58 of 2nd period - Anton Lundell wins face-off versus Anthony Beauvillier in Stars zone.
15:12 of 2nd period - Shot by Jack Quinn.
15:12 of 2nd period - Stopped by Thatcher Demko without a rebound.
15:13 of 2nd period - Juuso Parssinen wins face-off versus Carter Verhaeghe in Stars zone.
15:14 of 2nd period - Shot by Caleb Jones.
15:14 of 2nd period - Shot Blocked by Nick Jensen.
15:16 of 2nd period - Shot by Caleb Jones.
15:16 of 2nd period - Goal by Caleb Jones - Stars : 0 - Rangers : 3.
15:17 of 2nd period - Elias Lindholm wins face-off versus Luke Kunin in neutral zone.
15:52 of 2nd period - Shot by Logan Brown.
15:52 of 2nd period - Shot Misses the Net.
16:25 of 2nd period - Icing by Mario Ferraro.
16:26 of 2nd period - Anton Lundell wins face-off versus Juuso Parssinen in Rangers zone.
16:31 of 2nd period - Shot by Rickard Rakell.
16:31 of 2nd period - Shot Misses the Net.
16:57 of 2nd period - Shot by Yegor Chinakhov.
16:57 of 2nd period - Stopped by Thatcher Demko with a rebound.
17:37 of 2nd period - Shot by Casey Mittelstadt.
17:37 of 2nd period - Deflect By Anthony Beauvillier.
17:37 of 2nd period - Stopped by Thatcher Demko without a rebound.
17:38 of 2nd period - Nick Bonino wins face-off versus Timo Meier in Stars zone.
17:45 of 2nd period - Shot by Caleb Jones.
17:45 of 2nd period - Shot Blocked by Elias Lindholm.
17:50 of 2nd period - Off-side.
17:51 of 2nd period - Luke Kunin wins face-off versus Sidney Crosby in neutral zone.
18:13 of 2nd period - Shot by Vincent Trocheck.
18:13 of 2nd period - Stopped by Logan Thompson without a rebound.
18:14 of 2nd period - Casey Mittelstadt wins face-off versus Elias Lindholm in Rangers zone.
18:14 of 2nd period - Casey Mittelstadt is hit by Timo Meier.
18:41 of 2nd period - Shot by Jesse Puljujarvi.
18:41 of 2nd period - Stopped by Thatcher Demko with a rebound.
18:45 of 2nd period - Shot by Anthony Beauvillier.
18:45 of 2nd period - Goal by Anthony Beauvillier - Stars : 0 - Rangers : 4.
18:45 of 2nd period - Pheonix Copley enters game.
18:46 of 2nd period - Sidney Crosby wins face-off versus Juuso Parssinen in neutral zone.
19:14 of 2nd period - Shot by Juuso Parssinen.
19:14 of 2nd period - Shot Misses the Net.
Goals for this period are 0 for Stars vs 2 for Rangers.
Shots for this period are 3 for Stars vs 9 for Rangers.

3rd period


0:01 of 3rd period - Elias Lindholm wins face-off versus Casey Mittelstadt in neutral zone.
0:34 of 3rd period - Shot by Jesse Puljujarvi.
0:34 of 3rd period - Shot Misses the Net.
0:36 of 3rd period - Shot by Luke Schenn.
0:36 of 3rd period - Shot Misses the Net.
0:42 of 3rd period - Shot by Anthony Beauvillier.
0:42 of 3rd period - Shot Misses the Net.
0:44 of 3rd period - Shot by Jesse Puljujarvi.
0:44 of 3rd period - Goal by Jesse Puljujarvi - Stars : 0 - Rangers : 5.
0:45 of 3rd period - Sidney Crosby wins face-off versus Nick Bonino in neutral zone.
0:53 of 3rd period - Mario Ferraro is hit by Henri Jokiharju.
1:08 of 3rd period - Icing by Vincent Trocheck.
1:09 of 3rd period - Juuso Parssinen wins face-off versus Sidney Crosby in Stars zone.
1:19 of 3rd period - Juuso Parssinen is hit by Sean Durzi and loses puck.
1:23 of 3rd period - Yegor Chinakhov is hit by Henri Jokiharju and loses puck.
2:07 of 3rd period - Shot by Nick Bonino.
2:07 of 3rd period - Shot Misses the Net.
2:09 of 3rd period - Shot by Adam Erne.
2:09 of 3rd period - Stopped by Pheonix Copley without a rebound.
2:10 of 3rd period - Anton Lundell wins face-off versus Casey Mittelstadt in Stars zone.
2:20 of 3rd period - Shot by Anton Lundell.
2:20 of 3rd period - Shot Blocked by Casey Mittelstadt.
2:22 of 3rd period - Shot by Nick Jensen.
2:22 of 3rd period - Shot Misses the Net.
2:24 of 3rd period - Shot by Anton Lundell.
2:24 of 3rd period - Stopped by Logan Thompson without a rebound.
2:25 of 3rd period - Jack Quinn wins face-off versus Elias Lindholm in Rangers zone.
2:45 of 3rd period - Icing by Elias Lindholm.
2:46 of 3rd period - Casey Mittelstadt wins face-off versus Elias Lindholm in Stars zone.
2:49 of 3rd period - Shot by Jesse Puljujarvi.
2:49 of 3rd period - Shot Blocked by Gustav Forsling.
3:01 of 3rd period - Shot by Jesse Puljujarvi.
3:01 of 3rd period - Stopped by Pheonix Copley without a rebound.
3:02 of 3rd period - Juuso Parssinen wins face-off versus Sidney Crosby in Stars zone.
3:17 of 3rd period - Shot by Nazem Kadri.
3:17 of 3rd period - Stopped by Logan Thompson without a rebound.
3:18 of 3rd period - Elias Lindholm wins face-off versus Casey Mittelstadt in Rangers zone.
3:43 of 3rd period - Casey Mittelstadt is hit by Timo Meier and loses puck.
3:50 of 3rd period - Shot by Evan Bouchard.
3:50 of 3rd period - Shot Misses the Net.
3:52 of 3rd period - Shot by Elias Lindholm.
3:52 of 3rd period - Stopped by Logan Thompson without a rebound.
3:53 of 3rd period - Nick Bonino wins face-off versus Sidney Crosby in Rangers zone.
4:55 of 3rd period - Gustav Forsling is hit by Jack Quinn and loses puck.
5:02 of 3rd period - Shot by Evan Bouchard.
5:02 of 3rd period - Stopped by Logan Thompson without a rebound.
5:03 of 3rd period - Elias Lindholm wins face-off versus Juuso Parssinen in Rangers zone.
5:26 of 3rd period - Shot by Eric Robinson.
5:26 of 3rd period - Shot Misses the Net.
5:56 of 3rd period - Shot by Casey Mittelstadt.
5:56 of 3rd period - Shot Misses the Net.
5:59 of 3rd period - Anthony Beauvillier is hit by Marcus Pettersson and loses puck.
6:12 of 3rd period - Icing by Marcus Pettersson.
6:13 of 3rd period - Timo Meier wins face-off versus Ryan Lomberg in Stars zone.
6:18 of 3rd period - Ryan Lomberg is hit by Timo Meier and loses puck.
6:30 of 3rd period - Icing by Nick Jensen.
6:31 of 3rd period - Elias Lindholm wins face-off versus Casey Mittelstadt in Stars zone.
6:53 of 3rd period - Sidney Crosby is hit by Luke Schenn and loses puck.
7:00 of 3rd period - Shot by Nazem Kadri.
7:00 of 3rd period - Stopped by Logan Thompson without a rebound.
7:01 of 3rd period - Anton Lundell wins face-off versus Juuso Parssinen in Rangers zone.
7:10 of 3rd period - Shot by Viktor Arvidsson.
7:10 of 3rd period - Shot Misses the Net.
7:12 of 3rd period - Shot by Henri Jokiharju.
7:12 of 3rd period - Shot Misses the Net.
7:14 of 3rd period - Shot by Anton Lundell.
7:14 of 3rd period - Stopped by Logan Thompson without a rebound.
7:15 of 3rd period - Sidney Crosby wins face-off versus Nick Bonino in Rangers zone.
7:15 of 3rd period - Evan Bouchard is hit by Caleb Jones and loses puck.
7:56 of 3rd period - Shot by Gustav Forsling.
7:56 of 3rd period - Stopped by Logan Thompson without a rebound.
7:57 of 3rd period - Casey Mittelstadt wins face-off versus Anton Lundell in Rangers zone.
8:35 of 3rd period - Icing by Luke Schenn.
8:36 of 3rd period - Casey Mittelstadt wins face-off versus Elias Lindholm in Rangers zone.
8:41 of 3rd period - Shot by Timo Meier.
8:41 of 3rd period - Stopped by Logan Thompson without a rebound.
8:42 of 3rd period - Sidney Crosby wins face-off versus Juuso Parssinen in Rangers zone.
8:55 of 3rd period - Shot by Sidney Crosby.
8:55 of 3rd period - Stopped by Logan Thompson without a rebound.
8:56 of 3rd period - Luke Kunin wins face-off versus Timo Meier in Rangers zone.
8:56 of 3rd period - Luke Kunin is hit by Timo Meier.
9:20 of 3rd period - Shot by Elias Lindholm.
9:20 of 3rd period - Stopped by Logan Thompson without a rebound.
9:21 of 3rd period - Sidney Crosby wins face-off versus Juuso Parssinen in Rangers zone.
9:26 of 3rd period - Shot by Sidney Crosby.
9:26 of 3rd period - Stopped by Logan Thompson without a rebound.
9:27 of 3rd period - Sidney Crosby wins face-off versus Juuso Parssinen in Rangers zone.
9:46 of 3rd period - Nazem Kadri is hit by Yegor Chinakhov and loses puck.
10:29 of 3rd period - Shot by Casey Mittelstadt.
10:29 of 3rd period - Shot Blocked by Sidney Crosby.
11:34 of 3rd period - Shot by Nick Bonino.
11:34 of 3rd period - Stopped by Pheonix Copley without a rebound.
11:35 of 3rd period - Luke Kunin wins face-off versus Seth Jarvis in Stars zone.
11:38 of 3rd period - Shot by Martin Fehervary.
11:38 of 3rd period - Stopped by Pheonix Copley with a rebound.
11:40 of 3rd period - Shot by Logan Brown.
11:40 of 3rd period - Shot Blocked by Tanner Pearson.
11:55 of 3rd period - Shot by Luke Kunin.
11:55 of 3rd period - Shot Misses the Net.
11:57 of 3rd period - Shot by Logan Brown.
11:57 of 3rd period - Shot Blocked by Marcus Pettersson.
12:11 of 3rd period - Nick Jensen is hit by Luke Kunin.
12:17 of 3rd period - Shot by Ryan Lomberg.
12:17 of 3rd period - Shot Misses the Net.
12:38 of 3rd period - Timo Meier is hit by Nick Perbix and loses puck.
12:51 of 3rd period - Minor Penalty to Eric Robinson for Slashing.
12:52 of 3rd period - Carter Verhaeghe wins face-off versus Nick Bonino in Rangers zone.
13:19 of 3rd period - Shot by Timo Meier.
13:19 of 3rd period - Deflect By Elias Lindholm.
13:19 of 3rd period - Stopped by Logan Thompson with a rebound.
13:21 of 3rd period - Shot by Sean Durzi.
13:21 of 3rd period - Shot Misses the Net.
14:54 of 3rd period - Anton Lundell is hit by Luke Schenn and loses puck.
15:05 of 3rd period - Shot by Anthony Beauvillier.
15:05 of 3rd period - Shot Blocked by Nick Jensen.
15:30 of 3rd period - Rickard Rakell is hit by Luke Schenn and loses puck.
16:13 of 3rd period - Shot by Tanner Pearson.
16:13 of 3rd period - Goal by Tanner Pearson - Stars : 1 - Rangers : 5.
16:14 of 3rd period - Yegor Chinakhov wins face-off versus Sidney Crosby in neutral zone.
16:25 of 3rd period - Juuso Parssinen is hit by Nazem Kadri and loses puck.
16:59 of 3rd period - Icing by Eric Robinson.
17:00 of 3rd period - Elias Lindholm wins face-off versus Juuso Parssinen in Rangers zone.
17:13 of 3rd period - Shot by Carter Verhaeghe.
17:13 of 3rd period - Stopped by Logan Thompson without a rebound.
17:14 of 3rd period - Nick Bonino wins face-off versus Tanner Pearson in Rangers zone.
17:14 of 3rd period - Nick Bonino is hit by Seth Jarvis.
17:35 of 3rd period - Shot by Tanner Pearson.
17:35 of 3rd period - Shot Misses the Net.
17:41 of 3rd period - Shot by Seth Jarvis.
17:41 of 3rd period - Shot Misses the Net.
18:14 of 3rd period - Shot by Timo Meier.
18:14 of 3rd period - Shot Blocked by Martin Fehervary.
18:16 of 3rd period - Shot by Elias Lindholm.
18:16 of 3rd period - Shot Misses the Net.
18:20 of 3rd period - Shot by Timo Meier.
18:20 of 3rd period - Shot Misses the Net.
18:37 of 3rd period - Off-side.
18:38 of 3rd period - Juuso Parssinen wins face-off versus Sidney Crosby in neutral zone.
18:47 of 3rd period - Shot by Yegor Chinakhov.
18:47 of 3rd period - Deflect By Juuso Parssinen.
18:47 of 3rd period - Stopped by Pheonix Copley without a rebound.
18:48 of 3rd period - Luke Kunin wins face-off versus Anton Lundell in Stars zone.
18:53 of 3rd period - Shot by Caleb Jones.
18:53 of 3rd period - Shot Hit the Post.
19:22 of 3rd period - Shot by Logan Brown.
19:22 of 3rd period - Stopped by Pheonix Copley with a rebound.
19:24 of 3rd period - Shot by Ryan Lomberg.
19:24 of 3rd period - Stopped by Pheonix Copley without a rebound.
19:25 of 3rd period - Elias Lindholm wins face-off versus Anthony Beauvillier in Stars zone.
Goals for this period are 1 for Stars vs 1 for Rangers.
Shots for this period are 14 for Stars vs 8 for Rangers.